 Dungeon Crawl Stone Soup version 0.30-a0-371-gad7725a93e (webtiles) character file.

Game seed: 8262537544694596881

417 purpskrrrp the Covert (level 6, 0/47 HPs)
             Began as a Vampire Brigand on Nov 22, 2022.
             Was an Initiate of Wu Jian.
             Slain by a goblin
             ... wielding a +0 club
             ... led by Robin
              (4 damage)
             ... on level 4 of the Dungeon.
             The game lasted 00:06:26 (2959 turns).

purpskrrrp the Covert (Vampire Brigand)             Turns: 2959, Time: 00:06:27

Health: 0/47       AC:  6    Str: 10    XL:     6   Next: 61%
Magic:  6/6        EV: 13    Int: 13    God:    Wu Jian [......]
Gold:   210        SH:  0    Dex: 18    Spells: 5/5 levels left

rFire   . . .      SeeInvis +    a - +4 dagger
rCold   + . .      Faith    .    (no shield)
rNeg    + . .      Spirit   .    b - +0 robe
rPois   .          Reflect  .    f - +2 hat
rElec   .          Harm     .    c - +0 cloak
rCorr   .          Rampage  .    m - +0 pair of gloves
Will    .....                    (no boots)
Stlth   ++++......               (no amulet)
HPRegen 0.47/turn                h - ring of positive energy
MPRegen 0.10/turn                (no ring)

@: healing quickly
A: alive, fangs 3, see invisible, vampiric 2, hooves 1, cold resistance 1, wild
magic 1
a: Exsanguinate, Renounce Religion


You were on level 4 of the Dungeon.
You worshipped Wu Jian.
Wu Jian was noncommittal.
You visited 1 branch of the dungeon, and saw 4 of its levels.
You also visited: Sewer.

You collected 210 gold pieces.

Inventory:

Hand Weapons
 a - a +4 dagger (weapon)
Missiles
 d - 9 poisoned darts
 e - 3 curare-tipped darts
Armour
 b - a +0 robe (worn)
 c - a +0 cloak (worn)
 f - a +2 hat (worn)
 m - a +0 pair of gloves (worn)
Jewellery
 h - a ring of positive energy (left hand)
 q - an amulet of faith
Scrolls
 o - a scroll of magic mapping {unknown}
 s - a scroll of amnesia {unknown}
Potions
 g - 3 potions of brilliance
 i - 2 potions of attraction {unknown}
 j - a potion of cancellation
 k - 3 potions of heal wounds
 l - a potion of invisibility {unknown}
 n - a potion of curing
 p - a potion of ambrosia {unknown}
 r - a potion of flight {unknown}


   Skills:
 + Level 3.2 Fighting
 + Level 3.9 Short Blades
 - Level 1.5 Throwing
 + Level 3.3 Dodging
 * Level 9.1 Stealth


You had 5 spell levels left.
You didn't know any spells.
Your spell library contained the following spells:

 Spells                   Type           Power      Damage    Failure   Level
 Kiss of Death            Conj/Necr      0%         2d5       38%         1
 Magic Dart               Conj           0%         1d3       38%         1
 Call Imp                 Summ           0%         N/A       52%         2
 Confusing Touch          Hex            0%         N/A       75%         3
 Mephitic Cloud           Conj/Pois/Air  0%         N/A       75%         3
 Dispel Undead            Necr           0%         3d6       98%         4


Dungeon Overview and Level Annotations

Branches:
Dungeon (4/15)              Sewer (visited)
 Temple: D:4-7

Altars:
Ashenzari
Fedhas
Hepliaklqana
Makhleb
Nemelex Xobeh
Uskayaw
Vehumet
Wu Jian

Annotations:
D:4 Blork the orc


Innate Abilities, Weirdness & Mutations

Your natural rate of healing is accelerated.
You have razor-sharp teeth.
You have supernaturally acute eyesight. (SInv)
You are afflicted with vampirism and can become a bat while bloodless.
You have large cloven feet.
Your flesh is cold resistant. (rC+)
Your spells are a little harder to cast, but a little more powerful.


Message History

The goblin hits you but does no damage.
You hit Blork the orc.
Blork the orc is severely wounded.
Blork the orc gestures at you while chanting.
The puff of frost hits you. You resist. The kobold hits you with a +0 dagger.
The goblin closely misses you.
You are too injured to fight recklessly!
You are too injured to fight recklessly!
You are too injured to fight recklessly!
You are too injured to fight recklessly!
You are too injured to fight recklessly!
You are too injured to fight recklessly!
You are too injured to fight recklessly!
You are too injured to fight recklessly!
You are too injured to fight recklessly!
You are too injured to fight recklessly!
You are too injured to fight recklessly!
You are too injured to fight recklessly!
You are too injured to fight recklessly!
You are too injured to fight recklessly!
You are too injured to fight recklessly!
You are too injured to fight recklessly!
Okay, then.
You hit Blork the orc but do no damage. Your kick misses Blork the orc.
Blork the orc is severely wounded.
Blork the orc hits you with a +0 mace! The kobold barely misses you.
The goblin hits you with a +0 club.
* * * LOW HITPOINT WARNING * * *
Blork the orc barely misses you.
You hit Blork the orc.
Blork the orc is almost dead.
Blork the orc hits you with a +0 mace!
* * * LOW HITPOINT WARNING * * *
The kobold closely misses you. The goblin barely misses you.
The goblin attacks as you move away! The goblin hits you with a +0 club.
* * * LOW HITPOINT WARNING * * *
Blork the orc attacks as you move away! Blork the orc closely misses you.
The kobold throws a stone.
The stone closely misses you. The goblin attacks as you move away!
The goblin hits you with a +0 club.
You die...

#...##.###.###..#
..##..... ..
#.......##
##.##......
........##
....##.##..#### .
............#.##..
......##..........
.....# #..........
..####..........
.......@....$...
....###ogK......
.#. #...........
...............
...........#...
#....##...###..
#[.## ..... .. ...
...... .. .......


You could see Blork the orc (fast), a goblin and a kobold.

Vanquished Creatures
  Pargi (Sewer)
  An ogre (D:3)
  Natasha (thrice) (D:3)
  A scorpion zombie (D:2)
  3 adders (D:3)
  An adder skeleton (D:2)
  An adder zombie (D:2)
  3 worms
  2 dart slugs
  2 orcs (D:3)
  11 ball pythons
  A bat zombie (D:2)
  6 endoplasms
  7 giant cockroaches
  7 hobgoblins
  3 jackals (D:1)
  A quokka (D:3)
  A ball python skeleton (D:2)
  11 bats
  6 frilled lizards
  A giant cockroach zombie (D:2)
  9 kobolds
  2 quokka skeletons (D:2)
  2 quokka zombies (D:2)
  4 rats
90 creatures vanquished.

Vanquished Creatures (others)
  6 plants (D:3)
  5 withered plants (D:2)
11 creatures vanquished.

Grand Total: 101 creatures vanquished

Notes
Turn   | Place    | Note
-------+----------+-------------------------------------------
     0 | D:1      | purpskrrrp the Vampire Brigand began the quest for the Orb.
     0 | D:1      | Reached XP level 1. HP: 16/16 MP: 1/1
    32 | D:1      | Reached skill level 6 in Stealth
   122 | D:1      | Reached XP level 2. HP: 16/22 MP: 2/2
   939 | D:2      | Gained mutation: Your mind is acute. (Int +4, Str/Dex -1)
                  | [potion of mutation]
   975 | D:2      | Lost mutation: Your mind is acute. (Int +4, Str/Dex -1)
                  | [potion of mutation]
   975 | D:2      | Gained mutation: Your spells are a little harder to cast,
                  | but a little more powerful. [potion of mutation]
   975 | D:2      | Gained mutation: You have large cloven feet. [potion of
                  | mutation]
   975 | D:2      | Gained mutation: Your flesh is cold resistant. (rC+)
                  | [potion of mutation]
   994 | D:2      | Gained mutation: You are afflicted with vampirism and can
                  | become a bat while bloodless. [Vampire growth]
   994 | D:2      | Reached XP level 3. HP: 26/27 MP: 3/3
  1266 | D:2      | Reached skill level 7 in Stealth
  1266 | D:2      | Reached XP level 4. HP: 27/33 MP: 4/4
  1320 | D:2      | Identified the +0 leather armour of the Sturgeon {Slay+4}
  1670 | D:3      | Noticed Natasha
  1674 | D:3      | Killed Natasha
  1735 | D:3      | Found a hazy altar of Hepliaklqana.
  1741 | D:3      | Found a sparkling altar of Nemelex Xobeh.
  1748 | D:3      | Found a radiant altar of Vehumet.
  1748 | D:3      | Found an ornate altar of the Wu Jian Council.
  1750 | D:3      | Found a broken altar of Ashenzari.
  1752 | D:3      | Found a blossoming altar of Fedhas.
  1859 | D:3      | Noticed an ogre
  1875 | D:3      | Killed an ogre
  1876 | D:3      | Reached skill level 8 in Stealth
  1876 | D:3      | Reached XP level 5. HP: 39/39 MP: 5/5
  1984 | D:3      | Found a glowing drain.
  2027 | Sewer    | Entered a sewer
  2147 | Sewer    | Noticed Pargi
  2149 | Sewer    | Killed Pargi
  2150 | Sewer    | Reached XP level 6. HP: 47/47 MP: 6/6
  2242 | D:3      | Found a burning altar of Makhleb.
  2350 | D:3      | Noticed Natasha
  2367 | D:3      | Killed Natasha
  2515 | D:3      | Noticed Natasha
  2525 | D:3      | Killed Natasha
  2526 | D:3      | Reached skill level 9 in Stealth
  2791 | D:3      | Became a worshipper of the Wu Jian Council
  2874 | D:4      | Found a hide-covered altar of Uskayaw.
  2936 | D:4      | Noticed Blork the orc
  2959 | D:4      | Slain by a goblin

Illustrated notes

Levels and vault maps discovered:
D:1:      mrwooster_arrival_statue_3, layout_loops_corners
D:2:      layout_loops_ring, serial_undead, serial_undead_e, serial_undead_d,
          serial_undead_e, serial_undead_d, serial_undead_c, serial_undead_f,
          serial_undead_e, serial_undead_f, serial_undead_c, serial_undead_c,
          grunt_ministairs_1, minmay_indecisive_spiral
D:3:      cheibrodos_old_hovel, layout_loops_corners, minitemple,
          old_standard_altar, gup_sewer_entry_glass, minmay_ruptured,
          uniq_natasha
D:4:      layout_cave_pools, nicolae_uskayaw_murder_on_the_dancefloor,
          minmay_temple_entry_stoned_glass, uniq_robin, uniq_sigmund,
          uniq_blork_the_orc

Skill      XL: |  1  2  3  4  5  6 |
---------------+-------------------+-----
Stealth        | 6 7 8 9 |  9.1
Fighting       | 2 3 |  3.2
Short Blades   | 3 |  3.9
Dodging        | 2 3 |  3.3
Throwing       | |  1.5

Action                   |  1- 3 |  4- 6 || total
-------------------------+-------+-------++-------
Melee: Dagger            |   137 |   142 ||   279
       Bite              |     9 |     9 ||    18
       Punch             |     2 |     1 ||     3
       Kick              |    11 |    42 ||    53
Invok: Lunge             |       |     1 ||     1
  Use: Scroll            |     5 |     5 ||    10
       Potion            |     2 |       ||     2
 Stab: Sleeping          |     8 |    20 ||    28
       Distracted        |     1 |       ||     1
Armor: Robe              |    35 |    34 ||    69
Dodge: Dodged            |    81 |    56 ||   137

Table legend: (Time is in decaauts)
 A = Elapsed time spent in this place.
 B = Non-inter-level travel time spent in this place.
 C = Inter-level travel time spent in this place.
 D = Time resting spent in this place.
 E = Time spent auto-exploring this place.
 F = Levels seen in this place.
 G = Mean time per level.
                   A        B        C        D        E       F      G
               +--------+--------+--------+--------+--------+-----+--------+
         Total |   2920 |   2742 |    178 |      0 |   2035 |   5 |  584.0 |
       Dungeon |   2778 |   2600 |    178 |      0 |   1933 |   4 |  694.5 |
         Sewer |    141 |    141 |      0 |      0 |    102 |   1 |  141.0 |
               +--------+--------+--------+--------+--------+-----+--------+

Top non-repeatable levels by time:
     D:3: 1030 daAuts
     D:1: 880 daAuts
     D:2: 740 daAuts
   Sewer: 141 daAuts
     D:4: 126 daAuts
